AoeStats
← EL GRAN CAPITÁN

Nomad

509595636Analyzed
2v2 RM · 5d ago on Sep 27, 2026· 38m 19s· 4 players
Game mode
Random Map
Map size
176×176
Population
200
Speed
Normal
Resources
Standard
Victory
Conquest
Starting age
Dark Age
Ending age
Imperial Age
RankedLock teamsTeams togetherTeam positionsShared explorationLock speedFull tech treeHidden civsTurbo modeCheats
Victory
Defeat
🇫🇷 Franks · France
954
+14
🇦🇺 Huns · Australia
890
+18
🇪🇸 Spanish · Spain
919
-16
🇸🇪 Vikings · Sweden
918
-16
paxo4
15:56 Feudal Age
15:58 Man-at-Arms
16:28 Horse Collar
17:00 Double-Bit Axe
18:03 Arson
20:50 Gold Mining
21:58 Scale Mail Armor
26:31 Castle Age
26:37 Pikeman
27:59 Squires
29:34 Loom
30:02 Stone Mining
33:15 Town Watch
EL GRAN CAPITÁN
3:50 Loom
14:10 Feudal Age
19:22 Fletching
21:42 Wheelbarrow
21:47 Man-at-Arms
23:18 Arson
28:05 Scale Mail Armor
32:46 Castle Age
31:29 Stone Mining
34:01 Stone Shaft Mining
35:15 Squires
Ke Wa
6:01 Loom
15:43 Feudal Age
20:20 Castle Age
21:44 Husbandry
22:42 Scale Barding Armor
22:48 Forging
31:23 Double-Bit Axe
Pukinskis
4:01 Loom
15:20 Feudal Age
17:36 Double-Bit Axe
21:45 Fletching
28:09 Gold Mining
29:54 Horse Collar
31:54 Town Watch
Connection lost

Rejoining the realm…

Still unreachable

The connection could not be restored.

Session expired

The server has moved on; the page needs a fresh start.